AoeStats
← So sad

Nomad

505055135Analyzed
3v3 RM · 25d ago on Sep 7, 2026· 38m 24s· 6 players
Game mode
Random Map
Map size
210×210
Population
200
Speed
Normal
Resources
Standard
Victory
Conquest
Starting age
Dark Age
Ending age
Imperial Age
RankedLock teamsTeams togetherTeam positionsShared explorationLock speedFull tech treeHidden civsTurbo modeCheats
Victory
Defeat
🇲🇽 Dravidians · Mexico
1366
+14
🇺🇸 Vietnamese · United States
1329
+16
🇨🇴 Spanish · Colombia
1273
+18
🇺🇦 Georgians · Ukraine
1324
-16
🇧🇾 Turks · Belarus
1322
-16
🇧🇾 Portuguese · Belarus
1313
-16
So sad
5:47 Loom
14:55 Feudal Age
16:27 Fishing Lines
19:46 Castle Age
17:52 Town Watch
17:57 Double-Bit Axe
18:37 Town Watch
19:46 Scale Barding Armor
20:21 Bloodlines
22:40 Town Watch
28:36 Husbandry
29:14 Fletching
29:36 Elite Skirmisher
36:49 Wheelbarrow
41:10 Imperial Age
NiL
7:45 Loom
14:11 Feudal Age
14:42 Town Watch
17:42 Castle Age
17:24 Fletching
21:05 Fishing Lines
27:53 Wheelbarrow
27:36 Double-Bit Axe
29:02 Husbandry
32:20 Hand Cart
36:19 Imperial Age
34:14 Scale Barding Armor
34:13 Scale Mail Armor
34:15 Padded Archer Armor
36:29 Bodkin Arrow
HURMA
4:32 Loom
14:24 Feudal Age
17:56 Castle Age
16:18 Forging
15:56 Double-Bit Axe
16:46 Bloodlines
17:17 Scale Barding Armor
19:13 Iron Casting
20:02 Husbandry
21:27 Chain Barding Armor
25:34 Fletching
26:51 Wheelbarrow
26:02 Town Watch
26:21 Gold Mining
27:07 Bow Saw
27:09 Fishing Lines
28:23 Hand Cart
28:07 Horse Collar
29:35 Padded Archer Armor
30:34 Bodkin Arrow
31:27 Heavy Plow
33:23 Gillnets
34:12 Gold Shaft Mining
33:27 Stone Mining
37:54 Imperial Age
36:27 Leather Archer Armor
37:35 Ballistics
[LMB] Ginger le Grand
3:55 Loom
13:10 Feudal Age
13:47 Double-Bit Axe
13:54 Gold Mining
16:08 Fishing Lines
18:05 Horse Collar
22:28 Castle Age
21:40 Stone Mining
23:11 Fletching
23:34 Bow Saw
23:26 Heavy Plow
23:21 Gillnets
26:33 Wheelbarrow
25:44 Town Watch
26:19 Bodkin Arrow
27:16 Padded Archer Armor
29:53 Hand Cart
29:40 Town Patrol
30:22 Ballistics
30:13 Fortified Wall
36:36 Imperial Age
38:37 Stone Shaft Mining
39:04 Chemistry
38:06 Bracer
38:21 Leather Archer Armor
botas.el.gato
11:43 Loom
14:45 Feudal Age
15:17 Town Watch
15:48 Double-Bit Axe
20:30 Castle Age
19:40 Scale Mail Armor
20:37 Pikeman
21:17 Squires
26:33 Arson
36:15 Fletching
dfarfangomez
5:02 Loom
12:25 Feudal Age
13:07 Double-Bit Axe
18:40 Wheelbarrow
23:21 Castle Age
21:19 Stone Mining
22:29 Gold Mining
25:20 Forging
26:17 Bow Saw
26:55 Bloodlines
26:47 Husbandry
36:25 Fishing Lines
Connection lost

Rejoining the realm…

Still unreachable

The connection could not be restored.

Session expired

The server has moved on; the page needs a fresh start.